← All builds
Front / Cortex / Economy first / OBSERVED BUILD

Standard front

The role's baseline: fast Bot Lab, economy first, then a Thug/Grunt/Aggravator mix moves up to hold the wider gap and contest middle with the ally.

#defence · 166 distinct matches · 58 players · 66% of Cortex Front games · team won 42% of 168 · Recently observed

HOW TO PLAY IT

Key timing: Bot Lab by 0:40

  1. Take 3 mex, then wind before opening Bot Lab.
  2. Finish Bot Lab, start producing Thug, Grunt and Aggravator.
  3. Send early units to coast first to stop leaks, not straight to mid.
  4. Add Twin Guard and Radar Tower to hold the wider gap.
  5. Bring Advanced Metal Extractor online as army transitions to T2.

Phase by phase

TYPICAL OF ITS 166 GAMES
  1. 1
  2. 2
  3. 3
PLAY THE OPENING

Follow the example game's first 6:00 step by step: what to build now, what comes next, and where it goes. At 1× it keeps pace with your own game.

  1. 1

    Up to the Bot Lab

    Economy
    • Metal Extractor2Mex
    Order
    1. Bot LabBot Lab after 2 mex, 1 winddone ~0:40, middle half 0:34–0:46

    Some games also: wind (49%)

    By 0:24 in all: 2 mex

    The example game in this phase · 3 steps
    1. Mex ×2
    2. Wind
    3. Bot LabBot Labdone 0:40 · typical 0:40
  2. 2

    Bot Lab to 5:00

    Economy
    • Metal Extractor4Mex
    • Wind Turbine4Wind
    Builders
    • Construction Bot3 Con bot
    • Graverobber2 Graverobber
    Army
    • Guard2 Guard
    • Thug6 Thug
    • Grunt4 Grunt
    • Aggravator3 Aggravator

    Some games also: con turret (42%) · Radar Tower (35%)

    By 5:00 in all: 6 mex · 5 wind

    The example game in this phase · 38 steps
    1. GruntGrunt
    2. GraverobberGraverobber ×2
    3. GruntGruntfor Pond
    4. ThugThug ×4
    5. Construction BotCon bot ×2
    6. Mex
    7. AggravatorAggravator ×2
    8. Mex
    9. AggravatorAggravator ×3
    10. Mex
    11. Wind ×2
    12. GraverobberGraverobber
    13. AggravatorAggravator
    14. ThugThug
    15. AggravatorAggravator
    16. Mex
    17. Wind
    18. ThugThug
    19. AggravatorAggravator ×2
    20. Wind
    21. AggravatorAggravator
    22. Mex
    23. AggravatorAggravator
    24. Wind
    25. AggravatorAggravator
    26. Dragon's TeethDragon's Teeth ×4
    27. AggravatorAggravator
    28. Dragon's TeethDragon's Teeth
    29. Wind
    30. Dragon's TeethDragon's Teeth
    31. GuardGuard
    32. AggravatorAggravator
    33. Dragon's TeethDragon's Teeth ×2
    34. AggravatorAggravator
    35. Dragon's TeethDragon's Teeth ×2
    36. Wind
    37. Dragon's TeethDragon's Teeth
    38. GraverobberGraverobber
  3. 3

    5:00 to 10:00

    Economy
    • Metal Extractor1Mex
    • Wind Turbine17Wind
    Builders
    • Construction Turret2 Con turret
    • Graverobber1 Graverobber
    • Construction Bot1 Con bot
    Army
    • Guard1 Guard
    • Grunt7 Grunt
    • Thug1 Thug

    Some games also: aggravator (45%) · energy storage (42%) · Twin Guard (36%) · converter (34%) · Radar Tower (34%)

    By 10:00 in all: 7 mex · 24 wind · 3 con turret

    The example game in this phase · 170 steps
    1. GraverobberGraverobber
    2. Wind
    3. GuardGuard
    4. Wind
    5. GuardGuard
    6. Wind
    7. Dragon's TeethDragon's Teeth ×5
    8. SentrySentry
    9. Dragon's TeethDragon's Teeth ×5
    10. AggravatorAggravator
    11. GuardGuard
    12. AggravatorAggravator
    13. Construction BotCon bot
    14. ThugThug
    15. Construction BotCon bot ×2
    16. GuardGuard ×2
    17. GruntGrunt
    18. Advanced Metal ExtractorT2 mexdone 9:36 · typical 9:06
    19. GruntGrunt
    20. Wind
    21. GruntGrunt ×2
    22. Solar
    23. Advanced Metal ExtractorT2 mex
    24. GruntGrunt
    25. Wind
    26. GruntGrunt
    27. Wind
    28. Solar
    29. GruntGrunt
    30. Mex
    31. Advanced Metal ExtractorT2 mex
    32. Wind
    33. GruntGrunt
    34. Wind
    35. GraverobberGraverobber
    36. Wind ×3
    37. Bot LabBot Labdone 9:40
    38. GruntGrunt ×2
    39. Con turret
    40. GruntGrunt
    41. Construction BotCon bot
    42. Pit BullPit Bull
    43. GruntGrunt
    44. Con turret
    45. Fortification WallFortification Wall ×2
    46. CenturionCenturion
    47. Fortification WallFortification Wall
    48. GruntGrunt
    49. Fortification WallFortification Wall
    50. GuardGuard
    51. GruntGrunt
    52. Fortification WallFortification Wall
    53. GruntGrunt
    54. Wind
    55. GuardGuard
    56. Fortification WallFortification Wall
    57. GraverobberGraverobber
    58. Wind
    59. Con turret
    60. Fortification WallFortification Wall
    61. CenturionCenturion
    62. Bot LabBot Labdone 11:07
    63. GuardGuard
    64. Fortification WallFortification Wall ×3
    65. GruntGrunt
    66. Fortification WallFortification Wall
    67. Wind
    68. Fortification WallFortification Wall ×3
    69. GruntGrunt
    70. Fortification WallFortification Wall
    71. GuardGuard
    72. Fortification WallFortification Wall
    73. Sneaky PeteSneaky Pete
    74. Wind
    75. GruntGrunt
    76. Fortification WallFortification Wall
    77. GruntGrunt
    78. Fortification WallFortification Wall
    79. GruntGrunt
    80. Converter
    81. GruntGrunt ×2
    82. Wind
    83. Energy storage
    84. GruntGrunt ×2
    85. Wind
    86. GruntGrunt ×2
    87. Converter
    88. Wind
    89. GruntGrunt ×2
    90. Dragon's TeethDragon's Teeth
    91. GraverobberGraverobber
    92. Wind
    93. Dragon's TeethDragon's Teeth
    94. GruntGrunt
    95. Dragon's TeethDragon's Teeth
    96. GruntGrunt
    97. GraverobberGraverobber
    98. GruntGrunt
    99. Converter
    100. Wind
    101. GruntGrunt ×5
    102. Dragon's TeethDragon's Teeth
    103. GruntGrunt
    104. Dragon's TeethDragon's Teeth
    105. Advanced Metal ExtractorT2 mex
    106. GruntGrunt
    107. Dragon's TeethDragon's Teeth
    108. Converter
    109. Wind
    110. GruntGrunt
    111. Dragon's TeethDragon's Teeth
    112. GruntGrunt
    113. Dragon's TeethDragon's Teeth ×2
    114. GruntGrunt
    115. Dragon's TeethDragon's Teeth
    116. GruntGrunt
    117. Dragon's TeethDragon's Teeth
    118. Converter
    119. Dragon's TeethDragon's Teeth
    120. GraverobberGraverobber
    121. Dragon's TeethDragon's Teeth
    122. GruntGrunt
    123. Wind
    124. Converter
    125. GraverobberGraverobber
    126. GruntGrunt
    127. Converter ×2
    128. GruntGrunt ×3
    129. Wind
    130. GruntGrunt ×2
    131. Con turret
    132. GruntGrunt
    133. Bot LabBot Labdone 13:31
    134. Dragon's TeethDragon's Teeth
    135. GruntGrunt
    136. Wind
    137. Converter ×2
    138. GruntGrunt
    139. Dragon's TeethDragon's Teeth
    140. GruntGrunt ×3
    141. Wind
    142. GruntGrunt
    143. GraverobberGraverobber
    144. GruntGrunt ×2
    145. PawnPawn
    146. GraverobberGraverobber
    147. CenturionCenturion
    148. GruntGrunt
    149. Converter
    150. GruntGrunt ×3
    151. Converter
    152. GruntGrunt ×2
    153. Wind
    154. GruntGrunt ×6
    155. GraverobberGraverobber
    156. GruntGrunt ×2
    157. Wind
    158. GraverobberGraverobber
    159. CenturionCenturion
    160. Converter ×2
    161. GruntGrunt ×3
    162. Advanced Metal ExtractorT2 mex
    163. GruntGrunt ×8
    164. Wind
    165. GruntGrunt
    166. GraverobberGraverobber
    167. GruntGrunt ×2
    168. GraverobberGraverobber
    169. Converter
    170. GruntGrunt

Counts are medians over the build's games: half of them build more, half fewer. The example game is SauceDispenser's (35 OS, 01/09/2026); pick another.

Team trades

IN AT LEAST 30% OF ITS GAMES

You hand over

Nothing regular.

You get

  • Tidal Generator4 Tidal from Pondfirst at 0:18 · in 67% of games
  • Advanced Construction Bot1 T2 con bot from Geo or Techfirst at 7:26 · in 68% of games

How it plays out

Typical game of this build, running totals by minute

Metal produced

010k20k30k
0:005:0010:0015:00

metal

Enemy metal destroyed

02.5k5k7.5k
0:005:0010:0015:00

metal

Own metal lost

05k10k
0:005:0010:0015:00

metal

168 games.

Show as table
ByMetal produced: This buildEnemy metal destroyed: This buildOwn metal lost: This build
1:0033100
2:0086400
3:0016328586
4:002697352348
5:003807950947
6:00506917041785
7:00640325812693
8:00769333273737
9:00908139204434
10:001080544245184
11:001273550825966
12:001494552977104
13:001732459477675
14:001972863318778
15:002252869019802
WHAT THE NUMBERS SAY

This build has the worst win rate of the roles shown and trails Suicide front on kills while losing nearly as much metal.

  • + Produces more metal than Suicide front by 15:00 (22286 vs 18297).
  • + T2 constructor lands slightly faster (7:41) than Suicide front's 8:07.
  • − Loses 9797 own metal by 15:00, close to what it destroys (6775).
  • − Wins only 40% of games, well below every other role shown.
THE EXAMPLE YOU ARE READING

SauceDispenser

35.4 OS · 01/09/2026

Open source match ↗

17 received units · includes a constructor
77 metal received · 32913 energy received

Allied construction assistance is unknown. Timings are observations, not a promise of solo reproducibility.

Typical milestones

Bot Lab0:40Middle 50%: 0:34–0:46 · n=150
Advanced Metal Extractor9:06Middle 50%: 8:08–10:30 · n=130

Played most by

watermeloans19games of this buildHummell18games of this buildJelousOfMyEco12games of this buildCentientWaffle9games of this buildGeeGee7games of this build